 Dungeon Crawl Stone Soup version 0.31-a0-836-g3ceb0a68c4 (webtiles) character file.

Game seed: 4839879691310348858

24 avis the Changeling (level 2, 13/13 HPs)
             Began as a Felid Shapeshifter on Sept 26, 2023.
             Got out of the dungeon alive.
             The game lasted 00:06:51 (957 turns).

avis the Changeling (Felid Shapeshifter)             Turns: 957, Time: 00:06:51

Health: 13/13      AC:  1    Str: 10    XL:     2   Next: 79%
Magic:  3/3        EV: 17    Int: 11    God:
Gold:   62         SH:  0    Dex: 15    Spells: 1/1 levels left
                                        Lives:  0   Deaths: 1

rFire   . .          .
                       - Unarmed
rCold   . . .        (shield unavailable)
rNeg    . . .        (body armour unavailable)
rPois   .            (helmet unavailable)
rElec   .            (cloak unavailable)
rCorr   .            (gloves unavailable)
SInv    +            (boots unavailable)
Will    .....        (no amulet)
Stlth   +            (no ring)
HPRegen 0.22/turn    (no ring)
MPRegen 0.08/turn

%: no passive effects
@: beast-form, quick
A: beast (slay +2), very small, claws 1, fangs 3, see invisible, speed 1, shaggy
fur 1, stealthy paws, no weapons or thrown items, no armour, multi-lived
a: Begin Untransformation


You escaped.
You were a hulking beast.
You visited 1 branch of the dungeon, and saw 2 of its levels.

You collected 62 gold pieces.

Inventory:

Talismans
 b - a beast talisman (active)
 c - a flux talisman
Scrolls
 d - 2 scrolls of revelation {unknown}
 e - a scroll of identify {unknown}
 f - a scroll of fear {unknown}
 g - a scroll of poison {unknown}
 h - 2 scrolls of teleportation {unknown}
 i - a scroll of summoning {unknown}
Potions
 a - a potion of lignification
 j - a potion of cancellation {unknown}


   Skills:
 - Level 2.0 Fighting
 - Level 3.0 Dodging
 - Level 3.1 Unarmed Combat
 * Level 3.7 Shapeshifting


You had one spell level left.
You didn't know any spells.
Your spell library contained the following spells:

 Spells                   Type           Power      Damage    Failure   Level
 Freeze                   Ice            0%         1d3       34%         1
 Frozen Ramparts          Ice            0%         1d1       71%         3
 Hailstorm                Conj/Ice       0%         3d3       71%         3
 Ozocubu's Armour         Ice            0%         N/A       71%         3
 Tukima's Dance           Hex            0%         N/A       71%         3
 Iskenderun's Mystic Bla  Conj/Tloc      0%         2d3       98%         4
 Metabolic Englaciation   Hex/Ice        0%         N/A       100%        5
 Simulacrum               Ice/Necr       0%         N/A       100%        6
 Dimensional Bullseye     Hex/Tloc       Unusable   N/A       N/A         4

Dungeon Overview and Level Annotations

Branches:
Dungeon (2/15)

Altars:


Innate Abilities, Weirdness & Mutations

You are a hulking beast.
Your limbs bulge with bestial killing power. (Slay +2)
You have sharp claws.
You have razor-sharp teeth.
You have supernaturally acute eyesight. (SInv)
You cover ground quickly. (Speed+)
You are covered in fur. (AC +1)
Your paws help you pounce on unaware monsters.
You are incapable of wielding weapons or throwing items.
You cannot wear armour.
You gain extra lives every three experience levels.


Message History

You barely miss the jackal. The jackal completely misses you.
The jackal misses you.
You scratch the jackal.
The jackal is almost dead.
The jackal misses you.
You closely miss the jackal.
The jackal is almost dead.
The jackal barely misses you.
You barely miss the jackal.
The jackal is almost dead.
The jackal completely misses you.
You closely miss the jackal.
The jackal is almost dead.
The jackal closely misses you. The jackal barely misses you.
You scratch the jackal.
You kill the jackal!
You see here a jackal corpse.
Found 12 gold pieces.
You now have 62 gold pieces (gained 12).
Found a stone staircase leading down.
You open the door.
Found a book of Weapons.
Found a scroll labelled LARI UGRALL.
There is an open door here.
h - 2 scrolls labelled LARI UGRALL (gained 1)
You pick up a book of Weapons and begin reading...
You add the spells Tukima's Dance and Iskenderun's Mystic Blast to your library.
Found 5 gold pieces.
There is a stone staircase leading up here.
You climb upwards.
There is a stone staircase leading down here.
What level of the Dungeon? (default 1, ? - help) You're already here!
You open the door.
There is an open door here.
There is an open door here.
You open the door.
There is an open door here.
There is a staircase leading out of the dungeon here.
You have escaped!

#.#...+...+...+)..+(......#
#.#...#...#...#...#.......#
#.##+###########+##.......#
#.#...#...#...#...#.#######
#.'...#...#.⌠.#...#.#
###...#...#...#...#.#
######'###'###'##.#
#...#...#...#...#.#
#...#...'.h.#...#.###
#...#...#...#...#...#
##'#######'###'####.#
#..†#...#...#...# #.#
#...'...'...'...# #.#
#...#...#...#...# #.#
##############'## #[#
#..###÷## ##......#


There were no monsters in sight!

Vanquished Creatures
  2 endoplasms (D:1)
  A hobgoblin (D:1)
  7 jackals
  5 ball pythons (D:1)
  2 bats (D:1)
  3 kobolds (D:1)
  A rat (D:1)
21 creatures vanquished.

Notes
Turn   | Place    | Note
-------+----------+-------------------------------------------
     0 | D:1      | avis the Felid Shapeshifter began the quest for the Orb.
     0 | D:1      | Reached XP level 1. HP: 9/9 MP: 2/2
   295 | D:1      | Reached XP level 2. HP: 10/12 MP: 3/3
   413 | D:1      | Found a faded altar of an unknown god.
   865 | D:2      | Slain by a worm
   957 | D:$      | Got out of the dungeon alive.

Illustrated notes

Levels and vault maps discovered:
D:1:      co_arrival_random_square_maze, layout_basic,
          ebering_ecumenical_altar_hall
D:2:      layout_basic, minmay_misc_feat_square

Skill      XL: |  1  2 |
---------------+-------+-----
Fighting       | 2 |  2.0
Dodging        | 3 |  3.0
Unarmed Combat | |  3.1
Shapeshifting  | |  3.7

Action                     || total
---------------------------++-------
  Melee: Unarmed           ||    59
         Bite              ||     3
         Punch             ||     2
   Stab: Sleeping          ||     1
 Armour: Skin              ||    13
  Dodge: Dodged            ||    44

Table legend: (Time is in decaauts)
 A = Elapsed time spent in this place.
 B = Non-inter-level travel time spent in this place.
 C = Inter-level travel time spent in this place.
 D = Time resting spent in this place.
 E = Time spent auto-exploring this place.
 F = Levels seen in this place.
 G = Mean time per level.
                   A        B        C        D        E       F      G
               +--------+--------+--------+--------+--------+-----+--------+
         Total |    802 |    710 |     92 |     47 |    256 |   2 |  401.0 |
       Dungeon |    802 |    710 |     92 |     47 |    256 |   2 |  401.0 |
               +--------+--------+--------+--------+--------+-----+--------+

Top non-repeatable levels by time:
     D:1: 719 daAuts
     D:2: 82 daAuts
